TEX
NORTHWEST ARKANSAS NATURALS @ TULSA DRILLERS
05/05/2099
 
TOP OF THE 1ST
Northwest Arkansas Naturals batting - Pitching for Tulsa Drillers : RHP Min-yul Kym
Pitching: RHP Min-yul Kym
Batting: RHB Sam Gilpin 0-0: Ball
1-0: Called Strike
1-1: Called Strike
1-2: Fly out, F7 (Flyball, 7, EV 98.1 MPH)
Batting: LHB Daniel Pinedo 0-0: Ball
1-0: Ground out 4-3 (Groundball, 4, EV 90.0 MPH)
Batting: SHB Bobby Noriega 0-0: Ball
1-0: Foul Ball, location: 2F
1-1: Ground out U3 (Groundball, 34S, EV 67.5 MPH)
Top of the 1st over - 0 runs, 0 hits, 0 errors, 0 left on base; Northwest Arkansas 0 - Tulsa 0
BOTTOM OF THE 1ST
Tulsa Drillers batting - Pitching for Northwest Arkansas Naturals : RHP Dave Rincon
Pitching: RHP Dave Rincon
Batting: LHB Tim Moore 0-0: Swinging Strike
0-1: Foul Ball, location: 3DF
0-2: Fly out, F6 (Line Drive, 56D, EV 68.8 MPH)
Batting: LHB Russ Henson 0-0: Ball
1-0: Called Strike
1-1: Foul Ball, location: 2F
1-2: Ground out 4-3 (Groundball, 34D, EV 89.4 MPH)
Batting: LHB Greg Schlitt 0-0: Ball
1-0: Called Strike
1-1: Ball
2-1: Ground out 6-3 (Groundball, 6M, EV 105.6 MPH)
Bottom of the 1st over - 0 runs, 0 hits, 0 errors, 0 left on base; Northwest Arkansas 0 - Tulsa 0
TOP OF THE 2ND
Northwest Arkansas Naturals batting - Pitching for Tulsa Drillers : RHP Min-yul Kym
Batting: SHB Michael Sena 0-0: Ball
1-0: Called Strike
1-1: Foul Ball, location: 5SF
1-2: Strikes out swinging
Batting: LHB Drew Burris 0-0: Called Strike
0-1: Ball
1-1: Foul Ball, location: 9LMF
1-2: Foul Ball, location: 7LMF
1-2: Foul Ball, location: 5F
1-2: Ball
2-2: Fly out, F4 (Popup, 34D, EV 67.5 MPH)
Batting: RHB Joe Austin 0-0: Called Strike
0-1: Ball
1-1: Ball
2-1: Ball
3-1: Ground out 6-3 (Groundball, 6MD, EV 91.3 MPH)
Top of the 2nd over - 0 runs, 0 hits, 0 errors, 0 left on base; Northwest Arkansas 0 - Tulsa 0
BOTTOM OF THE 2ND
Tulsa Drillers batting - Pitching for Northwest Arkansas Naturals : RHP Dave Rincon
Batting: LHB Aaron Himebauch 0-0: Ball
1-0: SINGLE (Line Drive, 4M, EV 95.0 MPH)
Batting: LHB Mike Saunders 0-0: Foul Ball, location: 9LMF
0-1: Foul Ball, location: 2F
0-2: SINGLE (Groundball, 34D, EV 107.5 MPH)
Aaron Himebauch to second
Batting: RHB Ryan Gaines 0-0: Called Strike
0-1: Foul Ball, location: 9LMF
0-2: Grounds into double play, 5-4-3 (Groundball, 56, EV 85.6 MPH)
Aaron Himebauch to third
Batting: LHB Blake Marez 0-0: Foul Ball, location: 23FF
0-1: Called Strike
0-2: Ball
1-2: Fly out, F9 (Line Drive, 9S, EV 93.1 MPH)
Bottom of the 2nd over - 0 runs, 2 hits, 0 errors, 1 left on base; Northwest Arkansas 0 - Tulsa 0
TOP OF THE 3RD
Northwest Arkansas Naturals batting - Pitching for Tulsa Drillers : RHP Min-yul Kym
Batting: LHB Dustin McCoy 0-0: Called Strike
0-1: Ball
1-1: Ball
2-1: Ball
3-1: Ground out 4-3 (Groundball, 4, EV 105.6 MPH)
Batting: LHB Sean Eddy 0-0: Ball
1-0: Called Strike
1-1: Foul Ball, location: 2F
1-2: Ball
2-2: Foul Ball, location: 3F
2-2: Ball
3-2: Fly out, F7 (Line Drive, 7S, EV 85.6 MPH)
Batting: RHB Hector Acosta 0-0: Ground out 6-3 (Groundball, 6, EV 82.5 MPH)
Top of the 3rd over - 0 runs, 0 hits, 0 errors, 0 left on base; Northwest Arkansas 0 - Tulsa 0
BOTTOM OF THE 3RD
Tulsa Drillers batting - Pitching for Northwest Arkansas Naturals : RHP Dave Rincon
Batting: RHB Mike Buckner 0-0: Foul Ball, location: 2F
0-1: Ball
1-1: SINGLE (Line Drive, 78S, EV 101.9 MPH)
Batting: RHB Jordan Saray 0-0: Ball
1-0: SINGLE (Line Drive, 89M, EV 97.5 MPH)
Mike Buckner to second
Batting: LHB Tim Moore 0-0: Ball
1-0: Called Strike
1-1: Fly out, F6 (Popup, 6MS, EV 75.0 MPH)
Batting: LHB Russ Henson 0-0: Ball
1-0: Ball
2-0: SINGLE (Groundball, 15S, EV 67.5 MPH) (infield hit)
Mike Buckner to third
Jordan Saray to second
Batting: LHB Greg Schlitt 0-0: Ball
1-0: Called Strike
1-1: Called Strike
1-2: Ball
2-2: Foul Ball, location: 3F
2-2: Ball
3-2: Foul Ball, location: 5DF
3-2: Strikes out looking
Batting: LHB Aaron Himebauch 0-0: Ball
1-0: Ball
2-0: Called Strike
2-1: Called Strike
2-2: Foul Ball, location: 2F
2-2: Ball
3-2: SINGLE (Line Drive, 89S, EV 97.5 MPH)
Mike Buckner scores
Jordan Saray to third
Russ Henson to second
Jordan Saray scores
Russ Henson to third
Batting: LHB Mike Saunders 0-0: Called Strike
0-1: Foul Ball, location: 7LDF
0-2: DOUBLE (Line Drive, 8LXD, EV 100.6 MPH)
Russ Henson scores
Aaron Himebauch to third
Batting: RHB Ryan Gaines 0-0: Foul Ball, location: 25FF
0-1: Foul Ball, location: 5FF
0-2: Ground out U3 (Groundball, 34, EV 85.6 MPH)
Bottom of the 3rd over - 3 runs, 5 hits, 0 errors, 2 left on base; Northwest Arkansas 0 - Tulsa 3
TOP OF THE 4TH
Northwest Arkansas Naturals batting - Pitching for Tulsa Drillers : RHP Min-yul Kym
Batting: RHB Sam Gilpin 0-0: SINGLE (Groundball, P, EV 87.5 MPH)
Batting: LHB Daniel Pinedo 0-0: Foul Ball, location: 5F
0-1: Foul Ball, location: 7LMF
0-2: Foul Ball, location: 3FF
0-2: Foul Ball, location: 2F
0-2: Foul Ball, location: 2F
0-2: Foul Ball, location: 5FF
0-2: DOUBLE (Flyball, 78D, EV 111.3 MPH)
Sam Gilpin to third
Batting: SHB Bobby Noriega 0-0: Called Strike
0-1: Ball
1-1: SINGLE (Groundball, 34D, EV 96.9 MPH)
Sam Gilpin scores
Daniel Pinedo to third
Runner from 3rd tries for Home, SAFE, throw by RF to home
Batting: SHB Michael Sena 0-0: Called Strike
0-1: Ball
1-1: Swinging Strike
1-2: Fly out, F9 (Flyball, 9S, EV 96.3 MPH)
Batting: LHB Drew Burris 0-0: Called Strike
0-1: Called Strike
0-2: Strikes out looking
Batting: RHB Joe Austin 0-0: Called Strike
0-1: Ball
1-1: Swinging Strike
1-2: Strikes out swinging
Top of the 4th over - 2 runs, 3 hits, 0 errors, 1 left on base; Northwest Arkansas 2 - Tulsa 3
BOTTOM OF THE 4TH
Tulsa Drillers batting - Pitching for Northwest Arkansas Naturals : RHP Dave Rincon
Batting: LHB Blake Marez 0-0: Ball
1-0: Foul Ball, location: 7LMF
1-1: Swinging Strike
1-2: Strikes out swinging
Batting: RHB Mike Buckner 0-0: Swinging Strike
0-1: Ball
1-1: SINGLE (Line Drive, 7LS, EV 109.4 MPH)
Batting: RHB Jordan Saray 0-0: Foul Ball, location: 25F
0-1: Fly out, F6 (Line Drive, 6, EV 62.5 MPH)
Batting: LHB Tim Moore 0-0: Called Strike
0-1: Fly out, F5 (Popup, 25F, EV 91.3 MPH)
Bottom of the 4th over - 0 runs, 1 hit, 0 errors, 1 left on base; Northwest Arkansas 2 - Tulsa 3
TOP OF THE 5TH
Northwest Arkansas Naturals batting - Pitching for Tulsa Drillers : RHP Min-yul Kym
Batting: LHB Dustin McCoy 0-0: Ball
1-0: Fly out, F8 (Line Drive, 89M, EV 99.4 MPH)
Batting: LHB Sean Eddy 0-0: Ball
1-0: Ball
2-0: Ball
3-0: Called Strike
3-1: SINGLE (Groundball, 34D, EV 108.8 MPH)
Batting: RHB Hector Acosta 0-0: Ball
1-0: Foul Ball, location: 9LDF
1-1: Ground out 5-3 (Groundball, 56S, EV 65.0 MPH)
Sean Eddy to second
Batting: RHB Sam Gilpin 0-0: Fly out, F8 (Flyball, 8LM, EV 98.8 MPH)
Top of the 5th over - 0 runs, 1 hit, 0 errors, 1 left on base; Northwest Arkansas 2 - Tulsa 3
BOTTOM OF THE 5TH
Tulsa Drillers batting - Pitching for Northwest Arkansas Naturals : RHP Dave Rincon
Batting: LHB Russ Henson 0-0: Ball
1-0: Swinging Strike
1-1: Ball
2-1: Ball
3-1: Swinging Strike
3-2: Base on Balls
Batting: LHB Greg Schlitt 0-0: Called Strike
0-1: Ball
1-1: Ball
2-1: Grounds into double play, 4-6-3 (Groundball, 4, EV 101.9 MPH)
Batting: LHB Aaron Himebauch 0-0: Ball
1-0: Ball
2-0: Called Strike
2-1: Ground out U3 (Groundball, 3L, EV 82.5 MPH)
Bottom of the 5th over - 0 runs, 0 hits, 0 errors, 0 left on base; Northwest Arkansas 2 - Tulsa 3
TOP OF THE 6TH
Northwest Arkansas Naturals batting - Pitching for Tulsa Drillers : RHP Min-yul Kym
Batting: LHB Daniel Pinedo 0-0: Foul Ball, location: 3F
0-1: Foul Ball, location: 7LSF
0-2: Ball
1-2: Ball
2-2: Foul Ball, location: 7LSF
2-2: Fly out, F5 (Flyball, 5D, EV 92.5 MPH)
Batting: SHB Bobby Noriega 0-0: Called Strike
0-1: Called Strike
0-2: Foul Ball, location: 23FF
0-2: Ball
1-2: Fly out, F7 (Flyball, 7LSF, EV 86.3 MPH)
Batting: SHB Michael Sena 0-0: Called Strike
0-1: Fly out, F9 (Flyball, 8RM, EV 95.0 MPH)
Top of the 6th over - 0 runs, 0 hits, 0 errors, 0 left on base; Northwest Arkansas 2 - Tulsa 3
BOTTOM OF THE 6TH
Tulsa Drillers batting - Pitching for Northwest Arkansas Naturals : RHP Dave Rincon
Batting: LHB Mike Saunders 0-0: Ball
1-0: Swinging Strike
1-1: Called Strike
1-2: Ball
2-2: Strikes out swinging
Batting: RHB Ryan Gaines 0-0: Called Strike
0-1: Foul Ball, location: 9LMF
0-2: Ball
1-2: Foul Ball, location: 9LMF
1-2: SINGLE (Flyball, 89S, EV 91.9 MPH)
Batting: LHB Blake Marez 0-0: Ball
1-0: Called Strike
1-1: Fly out, F8 (Flyball, 8LM, EV 83.1 MPH)
Batting: RHB Mike Buckner 0-0: SINGLE (Flyball, 8LS, EV 93.1 MPH)
Ryan Gaines to second
Batting: RHB Jordan Saray 0-0: SINGLE (Line Drive, 9S, EV 94.4 MPH)
Ryan Gaines to third
Mike Buckner to second
Runner from 3rd tries for Home, SAFE, throw by RF to home
Batting: LHB Tim Moore 0-0: Called Strike
0-1: Ball
1-1: SINGLE (Groundball, 34D, EV 100.0 MPH)
Mike Buckner to third
Jordan Saray to second
Runner from 3rd tries for Home, SAFE, throw by RF to home
Batting: LHB Russ Henson 0-0: SINGLE (Groundball, 4MD, EV 105.0 MPH)
Jordan Saray to third
Tim Moore to second
Runner from 3rd tries for Home, throw by CF and OUT! 8-2
Bottom of the 6th over - 2 runs, 5 hits, 0 errors, 2 left on base; Northwest Arkansas 2 - Tulsa 5
TOP OF THE 7TH
Northwest Arkansas Naturals batting - Pitching for Tulsa Drillers : RHP Min-yul Kym
Batting: LHB Drew Burris 0-0: Called Strike
0-1: Ground out 4-3 (Groundball, 4D, EV 100.0 MPH)
Batting: RHB Joe Austin 0-0: Swinging Strike
0-1: Foul Ball, location: 2F
0-2: Strikes out swinging
Batting: LHB Dustin McCoy 0-0: Ball
1-0: Ground out 5-3 (Groundball, 56, EV 85.0 MPH)
Top of the 7th over - 0 runs, 0 hits, 0 errors, 0 left on base; Northwest Arkansas 2 - Tulsa 5
BOTTOM OF THE 7TH
Tulsa Drillers batting - Pitching for Northwest Arkansas Naturals : RHP Dave Rincon
Pitching: RHP Justin Miller
Batting: LHB Greg Schlitt 0-0: Called Strike
0-1: Foul Ball, location: 2F
0-2: Ball
1-2: Ball
2-2: Foul Ball, location: 2F
2-2: Ball
3-2: Ground out 4-3 (Groundball, 4, EV 86.9 MPH)
Batting: LHB Aaron Himebauch 0-0: Fly out, F2 (Popup, 25F, EV 83.1 MPH)
Batting: LHB Mike Saunders 0-0: Ball
1-0: Called Strike
1-1: Ball
2-1: Ground out 4-3 (Groundball, 4, EV 81.3 MPH)
Bottom of the 7th over - 0 runs, 0 hits, 0 errors, 0 left on base; Northwest Arkansas 2 - Tulsa 5
TOP OF THE 8TH
Northwest Arkansas Naturals batting - Pitching for Tulsa Drillers : RHP Min-yul Kym
Now at 1B: Tyler Rivas
Now in LF: Adrian DeVita
Batting: LHB Sean Eddy 0-0: Foul Ball, location: 9LSF
0-1: Swinging Strike
0-2: Ball
1-2: Strikes out swinging
Batting: RHB Hector Acosta 0-0: Called Strike
0-1: Foul Ball, location: 23FF
0-2: Ball
1-2: SINGLE (Line Drive, 89S, EV 90.6 MPH)
Batting: RHB Sam Gilpin 0-0: Foul Ball, location: 5SF
0-1: DOUBLE (Groundball, 5L, EV 106.9 MPH)
Hector Acosta to third
Runner from 3rd tries for Home, SAFE, throw by LF to home
Batting: LHB Daniel Pinedo 0-0: Called Strike
0-1: Ground out U3 (Groundball, 3, EV 103.8 MPH)
Sam Gilpin to third
Batting: SHB Bobby Noriega 0-0: SINGLE (Line Drive, 89S, EV 91.9 MPH)
Sam Gilpin scores
Batting: SHB Michael Sena 0-0: Called Strike
0-1: SINGLE (Groundball, 56, EV 78.8 MPH)
Bobby Noriega to second
Batting: LHB Drew Burris 0-0: SINGLE (Groundball, 25, EV 70.0 MPH) (infield hit)
Bobby Noriega to third
Michael Sena to second
Pinch Hitting: LHB Ken Campbell 0-0: Ground out U3 (Groundball, 3L, EV 88.8 MPH)
Top of the 8th over - 2 runs, 5 hits, 0 errors, 3 left on base; Northwest Arkansas 4 - Tulsa 5
BOTTOM OF THE 8TH
Tulsa Drillers batting - Pitching for Northwest Arkansas Naturals : RHP Justin Miller
Now in RF: Ken Campbell
Batting: RHB Ryan Gaines 0-0: Ball
1-0: Called Strike
1-1: Ball
2-1: Ball
3-1: Called Strike
3-2: Strikes out swinging
Batting: LHB Blake Marez 0-0: Foul Ball, location: 2F
0-1: Foul Ball, location: 2F
0-2: Strikes out swinging
Batting: RHB Mike Buckner 0-0: Ball
1-0: Called Strike
1-1: Fly out, F9 (Flyball, 89M, EV 90.6 MPH)
Bottom of the 8th over - 0 runs, 0 hits, 0 errors, 0 left on base; Northwest Arkansas 4 - Tulsa 5
TOP OF THE 9TH
Northwest Arkansas Naturals batting - Pitching for Tulsa Drillers : RHP Min-yul Kym
Batting: LHB Dustin McCoy 0-0: Ball
1-0: Ball
2-0: Foul Ball, location: 2F
2-1: Foul Ball, location: 2F
2-2: Strikes out swinging
Batting: LHB Sean Eddy 0-0: Ball
1-0: Foul Ball, location: 9LSF
1-1: Foul Ball, location: 2F
1-2: Ball
2-2: SINGLE (Line Drive, 89S, EV 103.1 MPH)
Pinch Hitting: RHB Justin Kilp 0-0: Ball
1-0: Called Strike
1-1: Swinging Strike
1-2: Strikes out looking
Batting: RHB Sam Gilpin 0-0: Ball
1-0: Foul Ball, location: 5FF
1-1: Foul Ball, location: 2F
1-2: Ball
2-2: Strikes out looking
Top of the 9th over - 0 runs, 1 hit, 0 errors, 1 left on base; Northwest Arkansas 4 - Tulsa 5
Saturday, May 4th , 2024 - OOTP Baseball 24.11 Build 85